 Dungeon Crawl Stone Soup version 0.18-a0-801-gb01a236 (webtiles) character file.

357 JokEr the Skirmisher (level 6, -1/45 HPs)
             Began as an Octopode Fighter on Dec 14, 2015.
             Slain by an ogre
             ... wielding a +0 giant spiked club
              (6 damage)
             ... on level 4 of the Dungeon.
             The game lasted 00:07:08 (4409 turns).

JokEr the Skirmisher (Octopode Fighter)             Turns: 4409, Time: 00:07:08

Health: -1/45      AC:  1    Str: 17    XL:     6   Next: 64%
Magic:  6/6        EV: 10    Int: 11    God:
Gold:   113        SH:  9    Dex: 11    Spells: 0 memorised, 5 levels left

rFire  . . .     SeeInvis .     a - +0 war axe
rCold  . . .     Clarity  .     b - +1 shield
rNeg   . . .     SustAt   .     (helmet restricted)
rPois  +         Gourm    .     (no amulet)
rElec  .         Spirit   .     h - ring of poison resistance
rCorr  .         Dismiss  .     j - ring of stealth
rMut   .         Stasis   .     (no ring)
MR     .....                    (no ring)
Stlth  +++++.....               (no ring)
                                (no ring)
                                (no ring)
                                (no ring)

@: not resistant to hostile enchantments, quite stealthy
A: almost no armour, amphibious, 8 rings, constrict 8, camouflage 1, gelatinous
body 1
a: no special abilities


You were on level 4 of the Dungeon.
You were not hungry.

You visited 1 branch of the dungeon, and saw 4 of its levels.

You collected 113 gold pieces.

Inventory:

Hand Weapons
 a - a +0 war axe (weapon)
Armour
 b - a +1 shield (worn)
Jewellery
 h - a ring of poison resistance (left tentacle)
 j - a ring of stealth (right tentacle)
Scrolls
 q - 3 scrolls of identify
 r - a scroll of remove curse
 w - a scroll of enchant armour
Potions
 c - a potion of might
 e - a potion of brilliance {unknown}
 g - a potion of invisibility {unknown}
 l - a potion of resistance {unknown}
 m - a potion of poison {unknown}
 n - 3 potions of haste {unknown}
 o - a potion of heal wounds {unknown}
 p - 2 potions of magic {unknown}
 s - a potion of curing {unknown}
 t - 4 potions of ambrosia {unknown}
 v - a potion of degeneration {unknown}
Comestibles
 d - 4 bread rations
 f - 4 slices of pizza
 i - a royal jelly
 k - 9 fruits
 u - 2 meat rations


   Skills:
 + Level 4.8 Fighting
 + Level 4.6 Axes
 - Level 3.0 Dodging
 + Level 4.3 Stealth
 - Level 3.0 Shields


You had 5 spell levels left.
You didn't know any spells.

Dungeon Overview and Level Annotations

Branches:
Dungeon (4/15)
 Temple: D:4-7

Altars:
Fedhas
Kikubaaqudgha
Nemelex Xobeh
Zin


Innate Abilities, Weirdness & Mutations

You cannot wear most types of armour.
You are amphibious.
You can wear up to eight rings at the same time.
You can use your tentacles to constrict eight enemies at once.
Your skin changes colour to match your surroundings (Stealth).
Your rubbery body absorbs attacks (AC +1).


Message History

You slash the hound! You squeeze the hound.
The hound is almost dead.
You constrict the hound.
You kill the hound!
You completely miss the ogre. You squeeze the ogre.
The ogre is lightly wounded.
The ogre closely misses you.
You slash the ogre! Your squeeze misses the ogre.
The ogre is heavily wounded.
The ogre hits you with a giant spiked club!
* * * LOW HITPOINT WARNING * * *
Drink which item? (? for menu, Esc to quit)
Okay, then.
You hit the ogre.
The ogre is heavily wounded.
You block the ogre's attack.
You barely miss the ogre. You squeeze the ogre!
The ogre is almost dead.
The ogre hits you with a giant spiked club.
You die...

#...# #........<. #.#.#
######.#######.# #.#.# #......#
#.# #.#.##############.######
##.#
#.#.....†...)......###########...
#.##############.#.#....(...##..#
.................................
##########.#####O#.#.........#..#
##########.#####@#.#.........#..#
...................#.........#..#
##########.#..............))....#
...........#.###.#.#[......).##.#
.###########.# #...#########)##..
.# #.# ###..# #.#### .# #.#
##.########.# .# #.# #..........#
.# #.# ##(#######.#


You could see an ogre.

Vanquished Creatures
  A scorpion (D:3)
  A hound (D:4)
  2 orc priests
  An orc wizard (D:4)
  Ijyb (D:3)
  A hound skeleton (D:4)
  6 adders
  5 worms
  6 orcs
  4 giant cockroaches
  13 goblins
  11 hobgoblins
  8 jackals
  4 kobolds
  A quokka (D:4)
  A ball python (D:4)
  4 bats
  A giant gecko (D:3)
  6 giant newts
  10 rats
87 creatures vanquished.

Notes
Turn   | Place    | Note
--------------------------------------------------------------
     0 | D:1      | JokEr the Octopode Fighter began the quest for the Orb.
     0 | D:1      | Reached XP level 1. HP: 16/16 MP: 1/1
   138 | D:1      | Reached XP level 2. HP: 21/21 MP: 2/2
   857 | D:1      | Reached XP level 3. HP: 26/26 MP: 3/3
  2184 | D:3      | Noticed Ijyb
  2189 | D:3      | Noticed a scorpion
  2189 | D:3      | Reached XP level 4. HP: 29/33 MP: 4/4
  2197 | D:3      | Killed Ijyb
  2197 | D:3      | Reached skill level 1 in Stealth
  2200 | D:3      | Reached skill level 4 in Fighting
  2200 | D:3      | Reached XP level 5. HP: 15/37 MP: 5/5
  3381 | D:3      | Found a glowing silver altar of Zin.
  3480 | D:4      | Reached XP level 6. HP: 40/44 MP: 6/6
  3641 | D:4      | Found a sparkling altar of Nemelex Xobeh.
  3837 | D:4      | Found an ancient bone altar of Kikubaaqudgha.
  4132 | D:4      | Found a blossoming altar of Fedhas.
  4409 | D:4      | Slain by an ogre

Vault maps used:
D:1:      dpeg_arrival_stone_temple_mockup, patterned_corridor
D:2:      minmay_hedge_maze, minmay_misc_feat_ornament
D:3:      zin_scriptorium, first_bread, uniq_iyjb
D:4:      nemelex_deck, overflow_temple_1_default,
          nicolae_overflow_hidden_temple, lemuel_flame_loot_1

Action                   |  1- 3 |  4- 6 || total
-------------------------+-------+-------++-------
Melee: War axe           |    79 |    87 ||   166
  Use: Scroll            |     3 |     4 ||     7
 Stab: Sleeping          |     6 |     7 ||    13
       Distracted        |       |     2 ||     2
  Eat: Chunk             |     4 |     3 ||     7
       Bread ration      |       |     1 ||     1
